 Dungeon Crawl Stone Soup version 0.31-a0-986-g5e6e4ef867 (webtiles) character file.

Game seed: 9886828684895113897

10110 avis the Spry (level 11, 0/49 HPs)
             Began as a Felid Shapeshifter on Nov 9, 2023.
             Was an Initiate of Gozag.
             Killed from afar by Erica (13 damage)
             ... with a lance of force
             ... on level 10 of the Dungeon.
             The game lasted 00:59:17 (11897 turns).

avis the Spry (Felid Shapeshifter)                 Turns: 11897, Time: 00:59:18

Health: 0/49       AC:  2    Str: 16    XL:     11   Next: 31%
Magic:  12/12      EV: 31    Int: 11    God:    Gozag
Gold:   1633       SH:  0    Dex: 21    Spells: 10/10 levels left
                                        Lives:  0   Deaths: 3

rFire   . .          .
                       - Unarmed
rCold   . . .        (shield unavailable)
rNeg    . . .        (body armour unavailable)
rPois   .            (helmet unavailable)
rElec   .            (cloak unavailable)
rCorr   .            (gloves unavailable)
SInv    +            (boots unavailable)
Will    +....        (no amulet)
Stlth   +            j - +6 ring of strength
HPRegen 0.28/turn    E - +4 ring of slaying
MPRegen 0.13/turn

%: no passive effects
@: flux-form, glowing, quick
A: glow, contaminating, very small, claws 1, fangs 3, see invisible, speed 1,
shaggy fur 2, stealthy paws, no weapons or thrown items, no armour, multi-lived
a: Begin Untransformation, Renounce Religion, Potion Petition, Call Merchant,
Bribe Branch


You were on level 10 of the Dungeon.
You worshipped Gozag.
Gozag was most pleased with you.
You were something dangerously unstable.
You visited 2 branches of the dungeon, and saw 11 of its levels.

You collected 1666 gold pieces.
You paid 33 gold pieces to Gozag.

Inventory:

Jewellery
 j - a +6 ring of strength (left paw)
 l - a ring of willpower
 x - a ring of fire
 B - a +6 ring of intelligence
 E - a +4 ring of slaying (right paw)
 F - the ring "Woatsesu" {Ice +Blink Fly rN+ Will+}
   (You took it off an orc on level 10 of the Dungeon)

   [ring of ice]

   Ice:       It enhances your ice magic.
   rF-:       It makes you vulnerable to fire.
   rC+:       It protects you from cold.
   rN+:       It protects you from negative energy.
   Will+:     It increases your willpower.
   Fly:       It grants you flight.
   +Blink:    It lets you blink.
Talismans
 f - a flux talisman (active)
Wands
 m - a wand of mindburst (5)
 y - a wand of iceblast (4)
Scrolls
 b - a scroll of enchant weapon {unknown}
 g - 3 scrolls of fog {unknown}
 h - 3 scrolls of noise {unknown}
 n - 2 scrolls of poison {unknown}
 o - 2 scrolls of immolation {unknown}
 q - 2 scrolls of fear {unknown}
 r - 2 scrolls of enchant armour {unknown}
 s - a scroll of vulnerability {unknown}
 t - 3 scrolls of revelation {unknown}
 u - 5 scrolls of teleportation {unknown}
 v - a scroll of summoning {unknown}
 w - 5 scrolls of blinking {unknown}
Potions
 a - a potion of haste
 c - a potion of curing
 d - 2 potions of enlightenment
 e - 2 potions of berserk rage
 i - a potion of invisibility
 k - a potion of attraction
 p - a potion of mutation {unknown}
 z - a potion of magic {unknown}
 A - a potion of cancellation {unknown}
 C - a potion of degeneration {unknown}
 D - a potion of resistance {unknown}


   Skills:
 * Level 6.4 Fighting
 - Level 15.0 Dodging
 - Level 5.0 Unarmed Combat
 - Level 12.0 Shapeshifting


You had 10 spell levels left.
You didn't know any spells.
Your spell library contained the following spells:

 Spells                   Type           Power      Damage    Failure   Level
 Dazzling Flash           Conj/Hex       0%         N/A       71%         3
 Volatile Blastmotes      Fire/Tloc      0%         2d10      71%         3
 Starburst                Conj/Fire      0%         6d3       100%        6
 Maxwell's Capacitive Co  Air            0%         ∞         100%        8


Dungeon Overview and Level Annotations

Branches:
Dungeon (10/15)            Temple (1/1) D:5
   Lair: D:8-11         Orc: D:9-12

Altars:
Ashenzari
Cheibriados
Dithmenos
Elyvilon
Gozag
Kikubaaqudgha
Makhleb
Nemelex Xobeh
Qazlal
Ru
Sif Muna
Trog
Wu Jian
Xom
Zin
The Shining One

Annotations:
D:6 1 transporter, IdlyInterested's ghost, novice DsFi
D:10 Erica


Innate Abilities, Weirdness & Mutations

You are something dangerously unstable.
You glow with magical radiation, making you easy to see and hit.
Foes you strike become dangerously contaminated with magical radiation.
You have sharp claws.
You have razor-sharp teeth.
You have supernaturally acute eyesight. (SInv)
You cover ground quickly. (Speed+)
You are covered in thick fur. (AC +2)
Your paws help you pounce on unaware monsters.
You are incapable of wielding weapons or throwing items.
You cannot wear armour.
You gain extra lives every three experience levels.


Message History

You feel sick.
Erica screams, "You'll never get it!"
Erica barely misses you.
You scratch Erica.
Erica glows dangerously bright.
Erica is moderately wounded.
You feel sick. Erica closely misses you.
You scratch Erica.
Erica shudders as magic cascades through her.
Erica twists and deforms.
Your bite misses Erica.
Erica is moderately wounded.
You feel sick. Erica closely misses you.
You closely miss Erica.
Erica is moderately wounded.
You feel sick.
You claw Erica!
Erica begins to glow.
Erica is heavily wounded.
You feel sick. Erica completely misses you.
You claw Erica!
Erica glows dangerously bright.
Erica is heavily wounded.
You feel sick. Erica completely misses you.
You barely miss Erica. You bite Erica.
Erica is severely wounded.
Erica misses you.
You scratch Erica.
Erica shudders as magic cascades through her.
Erica twists and deforms.
Erica is severely wounded.
You feel sick.
Erica hits you with a +0 scimitar of flaming.
Erica burns you.
* * * LOW HITPOINT WARNING * * *
You barely miss Erica.
Erica is severely wounded.
You feel sick.
You are no longer poisoned.
Erica points at you and mumbles some strange words.
The lance of force hits you!
You die...
Erica begins laughing uncontrollably.
Your body crumbles into a pile of gold.

#.....# ##...## ##...##
##.....## ###...###
##.......#
..###.......###....z...#
...............'.......##
######.##....###.......#
##.##..#..###......#
#.........####.....#
#..###p###..####...##
..##.@#..##..####'###
.##.## ##.##......).# #.#
#. .########.# .# ##.#
.#..#..#.## .# .#.#
#...y.#..# .# # #.'#
#'..# .# .# .W#
#...).#.... ###.# ##z#
#..#..#..##


You could see Erica (invisible, misshapen).

Vanquished Creatures
  A hydra (D:9)
  A two-headed ogre (D:10)
  A centaur warrior (D:10)
  A tengu warrior (D:10)
  A kobold demonologist (D:9)
  2 trolls (D:9)
  A hornet (D:10)
  Grinder (D:3)
  9 yaks
  A wyvern (D:10)
  4 steam dragons
  A vampire mosquito (D:10)
  Edmund (D:4)
  2 acid dragons
  A water moccasin (D:7)
  3 orc warriors
  3 sky beasts
  4 centaurs
  An ogre (D:4)
  A wolf (shapeshifter) (D:9)
  3 phantoms
  13 kobold brigands
  3 bullfrogs
  5 scorpions
  4 wights (D:7)
  5 killer bees
  3 howler monkeys
  4 crimson imps
  3 jellies
  3 gnoll boudas
  A hound (D:6)
  An orc priest (D:5)
  A sleepcap (D:7)
  Jessica (D:3)
  6 orc wizards
  Natasha (thrice) (D:2)
  2 iguanas (D:6)
  19 gnolls
  2 adders
  A white imp (D:7)
  2 ufetubi (D:5)
  A worm (D:3)
  5 dart slugs
  24 orcs
  7 endoplasms
  10 goblins
  12 hobgoblins
  6 jackals
  4 quokkas
  9 ball pythons
  5 bats
  5 frilled lizards
  22 kobolds
  10 rats
245 creatures vanquished.

Notes
Turn   | Place    | Note
-------+----------+-------------------------------------------
     0 | D:1      | avis the Felid Shapeshifter began the quest for the Orb.
     0 | D:1      | Reached XP level 1. HP: 9/9 MP: 2/2
    67 | D:1      | Reached skill level 3 in Dodging
    71 | D:1      | Reached XP level 2. HP: 2/12 MP: 3/3
   643 | D:1      | Reached XP level 3. HP: 16/16 MP: 4/4
  1201 | D:2      | Reached skill level 4 in Dodging
  1312 | D:2      | Identified the +7 dagger of Ynaamur {pain, rPois Str+2}
  1326 | D:2      | Noticed Natasha
  1335 | D:2      | Killed Natasha
  1336 | D:2      | Reached skill level 5 in Dodging
  1336 | D:2      | Reached XP level 4. HP: 3/19 MP: 5/5
  1680 | D:2      | Noticed Natasha
  1688 | D:2      | Killed Natasha
  1891 | D:2      | Noticed Natasha
  1899 | D:2      | Killed Natasha
  1900 | D:2      | Reached skill level 6 in Dodging
  1900 | D:2      | Reached XP level 5. HP: 12/22 MP: 6/6
  2053 | D:3      | Found a faded altar of an unknown god.
  2129 | D:3      | Noticed Jessica
  2138 | D:3      | Killed Jessica
  2191 | D:3      | Found an ancient bone altar of Kikubaaqudgha.
  2569 | D:3      | Found an opulent altar of Gozag.
  2578 | D:3      | Became a worshipper of Gozag Ym Sagoz the Greedy
  2664 | D:3      | Noticed Grinder
  2664 | D:3      | Paralysed by Grinder for 2 turns
  2698 | D:3      | Killed Grinder
  2699 | D:3      | Reached skill level 5 in Shapeshifting
  2699 | D:3      | Gained mutation: You are covered in thick fur. (AC +2)
                  | [Felid growth]
  2699 | D:3      | Reached XP level 6. HP: 26/26 MP: 7/7
  3069 | D:4      | Found a shimmering altar of Xom.
  3092 | D:3      | Reached skill level 7 in Dodging
  3472 | D:4      | Found a burning altar of Makhleb.
  3496 | D:4      | Reached skill level 8 in Dodging
  3496 | D:4      | Reached XP level 7. HP: 16/30 MP: 8/8
  3852 | D:4      | Found a sparkling altar of Nemelex Xobeh.
  3991 | D:5      | Entered Level 5 of the Dungeon
  3999 | D:4      | Reached skill level 9 in Dodging
  4268 | D:5      | Noticed Edmund
  4298 | D:4      | Killed Edmund
  4588 | D:5      | Reached XP level 8. HP: 33/34 MP: 9/9
  4990 | D:5      | Found a staircase to the Ecumenical Temple.
  4998 | Temple   | Entered the Ecumenical Temple
  5120 | D:5      | Found a shadowy altar of Dithmenos.
  5343 | D:6      | Reached skill level 10 in Dodging
  5952 | D:6      | Reached skill level 11 in Dodging
  6129 | D:6      | Noticed IdlyInterested's ghost (novice DsFi)
  6130 | D:6      | Found a transporter.
  6140 | D:6      | Noticed a two-headed ogre
  6222 | D:6      | Found a broken altar of Ashenzari.
  6258 | D:6      | Reached skill level 5 in Fighting
  6258 | D:6      | Reached XP level 9. HP: 16/40 MP: 10/10
  7041 | D:7      | Reached skill level 12 in Dodging
  7436 | D:7      | Found a snail-covered altar of Cheibriados.
  8747 | D:8      | Found a glowing golden altar of the Shining One.
  9014 | D:8      | Reached skill level 13 in Dodging
  9041 | D:9      | Noticed a troll
  9051 | D:9      | Killed a troll
  9299 | D:9      | Reached XP level 10. HP: 30/44 MP: 11/11
  9366 | D:9      | Killed from afar by an acid dragon
  9528 | D:9      | Found an ornate altar of the Wu Jian Council.
  9922 | D:9      | Reached skill level 10 in Shapeshifting
 10253 | D:9      | Reached skill level 14 in Dodging
 10505 | D:9      | Killed from afar by an acid dragon
 10644 | D:10     | Entered Level 10 of the Dungeon
 10803 | D:10     | Noticed a two-headed ogre
 10815 | D:10     | Killed a two-headed ogre
 10902 | D:10     | Noticed a deep elf pyromancer
 10902 | D:10     | Identified the ring of Serendipity {+Blink rC+ AC+4 Int-5
                  | Dex+5}
 10902 | D:10     | Noticed a skeletal warrior
 10992 | D:10     | Noticed a centaur warrior
 10997 | D:10     | Killed a centaur warrior
 11078 | D:9      | Reached XP level 11. HP: 46/47 MP: 12/12
 11141 | D:10     | Identified the ring "Woatsesu" {Ice +Blink Fly rN+ Will+}
 11187 | D:10     | Reached skill level 15 in Dodging
 11203 | D:10     | Paralysed by a hornet for 2 turns
 11332 | D:10     | Noticed an eight-headed hydra
 11353 | D:9      | Slain by an eight-headed hydra
 11607 | D:9      | HP: 1/48 [eight-headed hydra (10)]
 11613 | D:9      | Killed an eight-headed hydra
 11832 | D:10     | Noticed a tengu warrior
 11840 | D:10     | Killed a tengu warrior
 11841 | D:10     | Reached skill level 5 in Unarmed Combat
 11883 | D:10     | Noticed Erica
 11897 | D:10     | Killed from afar by Erica

Illustrated notes

Levels and vault maps discovered:
D:1:      dpeg_arrival_oval, layout_loops_corners, minmay_misc_feat_hallway,
          minmay_crystal_room, st_stairs_5
D:2:      layout_basic, minmay_misc_feat_tower, uniq_natasha
D:3:      layout_basic, lemuel_crystal_altar, mainiacjoe_overflow_alcove_4,
          shapermc_ecumenical_altar_gd, wad_rectangle_vault, uniq_grinder,
          uniq_jessica
D:4:      layout_gridville, led_xom_imps, amcnicky_altar_gilded,
          nemelex_xobeh_ov_fountains_minmay, grunt_decor_clamped
D:5:      layout_cave_pools, grunt_dithmenos_shadows,
          minmay_temple_entry_proselytizer, uniq_edmund
D:6:      layout_basic, general_overflow_altar, gammafunk_ghost_smash,
          item_on_display_a
D:7:      layout_basic, mainiacjoe_overflow_six_doors_small, minmay_holes
D:8:      layout_loops_cross, mainiacjoe_overflow_concentric_impassable
D:9:      layout_basic, nicolae_wu_jian_immortal_techniques, special_room
          [special_room_kobold]
D:10:     minmay_the_grid_octo_tiled_squarecenter
          [minmay_the_grid_octo_concentric, minmay_the_grid_octo_odd_swirl,
          minmay_the_grid_octo_fat_diamond, minmay_the_grid_octo_checkerflower,
          minmay_the_grid_square_5x5_megaprize_crossed,
          minmay_the_grid_square_5x5_checkered_statues,
          minmay_the_grid_square_5x5_n_small,
          minmay_the_grid_square_5x5_misaligned,
          minmay_the_grid_square_5x5_fat_x], layout_loops_corners,
          marbit_many_paths, mainiacjoe_overflow_large_starburst,
          chequers_temple_overflow_minitemple, minmay_misc_feat_alley,
          uniq_erica
Temple:   hellmonk_temple_two_chambers

Skill      XL: |  1  2  3  4  5  6  7  8  9 10 11 |
---------------+----------------------------------+-----
Dodging        | 3 5 6 8 9 11 13 14 15 | 15.0
Fighting       | 2 3 5 6 |  6.4
Shapeshifting  | 5 6 7 9 12 | 12.0
Unarmed Combat | 4 5 |  5.0

Action                     |  1- 3 |  4- 6 |  7- 9 | 10-12 || total
---------------------------+-------+-------+-------+-------++-------
  Melee: Unarmed           |    89 |   123 |   433 |   234 ||   879
         Bite              |     5 |    14 |    58 |    32 ||   109
         Punch             |     1 |     4 |     4 |       ||     9
  Evoke: Wand              |       |     5 |     3 |    15 ||    23
    Use: Potion            |       |     1 |     2 |     2 ||     5
         Scroll            |       |       |     5 |     1 ||     6
   Stab: Sleeping          |     2 |       |     1 |       ||     3
         Paralysed         |       |     3 |     5 |       ||     8
         Distracted        |       |       |     3 |       ||     3
 Armour: Skin              |    22 |    22 |   111 |    65 ||   220
  Dodge: Dodged            |    71 |    63 |   423 |   250 ||   807
   Form: Flux              |       |       |     1 |       ||     1

Table legend: (Time is in decaauts)
 A = Elapsed time spent in this place.
 B = Non-inter-level travel time spent in this place.
 C = Inter-level travel time spent in this place.
 D = Time resting spent in this place.
 E = Time spent auto-exploring this place.
 F = Levels seen in this place.
 G = Mean time per level.
                   A        B        C        D        E       F      G
               +--------+--------+--------+--------+--------+-----+--------+
         Total |  10363 |   9355 |   1008 |   2596 |   3896 |  11 |  942.1 |
       Dungeon |  10340 |   9332 |   1008 |   2596 |   3896 |  10 | 1034.0 |
        Temple |     23 |     23 |      0 |      0 |      0 |   1 |   23.0 |
               +--------+--------+--------+--------+--------+-----+--------+

Top non-repeatable levels by time:
     D:9: 2014 daAuts
     D:7: 1283 daAuts
     D:4: 1258 daAuts
     D:1: 1101 daAuts
     D:6: 965 daAuts
     D:3: 902 daAuts
     D:5: 898 daAuts
     D:8: 860 daAuts
     D:2: 591 daAuts
    D:10: 462 daAuts
  Temple: 23 daAuts
